 Dungeon Crawl Stone Soup version 0.20.1-1-g8b1a95d (webtiles) character file.

46 Monsterracer the Ruffian (level 3, 0/28 HPs)
             Began as a Draconian Transmuter on Aug 14, 2017.
             Killed by nerve-wracking pain
             ... invoked by an orc priest
              (11 damage)
             ... on level 3 of the Dungeon.
             The game lasted 00:02:13 (1182 turns).

Monsterracer the Ruffian (Draconian Transmuter)     Turns: 1182, Time: 00:02:14

Health: 0/28       AC:  6    Str: 12    XL:     3   Next: 44%
Magic:  1/6        EV: 12    Int: 14    God:
Gold:   81         SH:  0    Dex: 11    Spells: 0/6 levels left

rFire    . . .     SeeInvis .     - Unarmed
rCold    . . .     Gourm    .   (no shield)
rNeg     . . .     Faith    .   (armour unavailable)
rPois    .         Spirit   .   (helmet restricted)
rElec    .         Reflect  .   (no cloak)
rCorr    .         Harm     .   i - +0 pair of gloves
MR       .....                  (no boots)
Stlth    +.........             (no amulet)
Regen    0.1/turn               (no ring)
MPRegen  0.1/turn               (no ring)

@: very slightly contaminated
A: unfitting armour, cold-blooded, AC +5
a: no special abilities


You were on level 3 of the Dungeon.
You were not hungry.

You visited 1 branch of the dungeon, and saw 3 of its levels.

You collected 81 gold pieces.

Inventory:

Missiles
 a - 10 arrows
Armour
 i - a +0 pair of gloves (worn)
Scrolls
 d - 2 scrolls of identify {unknown}
 e - 3 scrolls of remove curse {unknown}
 h - a scroll of teleportation {unknown}
 k - a scroll of enchant weapon {unknown}
Potions
 g - 2 potions of brilliance {unknown}
 j - a potion of lignification {unknown}
Books
 b - a book of Changes

   Spells                             Type                      Level
   a - Beastly Appendage              Transmutation                1
   b - Sticks to Snakes               Transmutation                2
   c - Spider Form                    Transmutation/Poison         3
   d - Ice Form                       Ice/Transmutation            4
   e - Blade Hands                    Transmutation                5
Comestibles
 c - 3 bread rations
 f - 2 meat rations


   Skills:
 - Level 1.1 Fighting
 - Level 1.7 Dodging
 + Level 3.7 Unarmed Combat
 - Level 2.0 Spellcasting
 + Level 3.1 Transmutations


You couldn't memorise any spells.
You knew the following spells:

 Your Spells              Type           Power        Failure   Level  Hunger
a - Beastly Appendage     Tmut           ##....       6%          1    ##.....
b - Sticks to Snakes      Tmut           ##......     10%         2    ###....
c - Spider Form           Tmut/Pois      #.........   36%         3    ####...


Dungeon Overview and Level Annotations

Branches:
Dungeon (3/15)

Altars:


Innate Abilities, Weirdness & Mutations

Your plain brown scales are hard. (AC +5)
You cannot fit into any form of body armour.
You are cold-blooded and may be slowed by cold attacks.


Message History

Ouch! That really hurt!
* * * LOW HITPOINT WARNING * * *
Huge Dmg: -50%(-14hp) hp: 43%(12hp)
You barely miss the orc priest.
You tail-slap the orc priest, but do no damage.
The orc priest hits you but does no damage.
The goblin closely misses you.
You hit the orc priest but do no damage.
The orc priest hits you with a club.
* * * LOW HITPOINT WARNING * * *
The goblin hits you but does no damage.
Damage: -7%(-2hp) hp: 36%(10hp) Unknown command.
Things that are here:
a dagger; a goblin corpse You barely miss the orc priest.
The orc priest closely misses you.
You completely miss the orc priest.
The orc priest invokes the aid of Beogh against you.
Pain shoots through your body!
You die...

#...# ####
#...# ##...#
#...#
#.....##...#
.......#...#
..$...g'...+
.......#)..#
#.....##og.#
##...##@...#
#####.###.#
####.#.###...
#....#...####.
#..#####.# ..
#....#...# .
#.##.#.###
#.##...#
#.##.#.#


You could see an orc priest and a goblin.

Vanquished Creatures
  A dart slug (D:1)
  2 leopard geckos
  3 giant cockroaches (D:1)
  4 hobgoblins
  5 kobolds (D:1)
  A quokka (D:2)
  A bat (D:1)
  A frilled lizard (D:2)
  6 goblins
  5 rats (D:1)
29 creatures vanquished.

Vanquished Creatures (collateral kills)
  An adder (D:2)
  A leopard gecko (D:2)
  A goblin (D:2)
  A quokka (D:2)
4 creatures vanquished.

Grand Total: 33 creatures vanquished

Notes
Turn   | Place    | Note
-------+----------+-------------------------------------------
     0 | D:1      | Monsterracer the Draconian Transmuter began the quest for the Orb.
     0 | D:1      | Reached XP level 1. HP: 16/16 MP: 3/3
   112 | D:1      | Reached XP level 2. HP: 20/23 MP: 3/5
   116 | D:1      | Learned a level 2 spell: Sticks to Snakes
   645 | D:1      | Reached XP level 3. HP: 21/28 MP: 6/6
   650 | D:1      | Learned a level 3 spell: Spider Form
  1175 | D:3      | HP: 12/28 [orc priest/divine providence (14)]
  1182 | D:3      | Killed from afar by an orc priest

Skill      XL: |  1  2  3 |
---------------+----------+-----
Transmutations | 3 |  3.1
Fighting       | |  1.1
Dodging        | |  1.7
Unarmed Combat | |  3.7
Spellcasting   | |  2.0

Action                   || total
-------------------------++-------
Melee: Unarmed           ||   100
       Kick              ||     1
       Tailslap          ||     9
 Cast: Beastly Appendage ||     6
       Sticks to Snakes  ||     2
 Stab: Sleeping          ||     1
  Eat: Chunk             ||     1
Armor: Skin              ||    26
Dodge: Dodged            ||    49
